 Dungeon Crawl Stone Soup version 0.17-a0-435-gc4df345 (webtiles) character file.

187 Hanyuu the Insei (level 5, 0/33 HPs)
             Began as an Octopode Transmuter on Apr 4, 2015.
             Slain by an ogre
             ... wielding a +0 giant spiked club
              (28 damage)
             ... on level 4 of the Dungeon.
             The game lasted 00:09:10 (2680 turns).

Hanyuu the Insei (Octopode Transmuter)              Turns: 2680, Time: 00:09:11

Health: 0/33       AC:  1    Str:  9    XL:     5   Next: 66%
Magic:  9/9        EV: 13    Int: 16    God:
Gold:   112        SH:  0    Dex: 13    Spells: 2 memorised, 6 levels left

rFire  . . .     SeeInvis .     n - +0 blowgun
rCold  . . .     Clarity  .     (no shield)
rNeg   . . .     SustAb   .     (helmet restricted)
rPois  .         Gourm    .     (no amulet)
rElec  .         Spirit   .     (no ring)
rCorr  .         Warding  .     (no ring)
rMut   .         Stasis   .     (no ring)
MR     .....                    (no ring)
Stlth  ++........               (no ring)
                                (no ring)
                                (no ring)
                                (no ring)

@: not resistant to hostile enchantments, unstealthy
A: almost no armour, amphibious, 8 rings, constrict 8, camouflage 1, gelatinous
body 1
a: no special abilities


You were on level 4 of the Dungeon.
You were hungry.

You visited 1 branch of the dungeon, and saw 4 of its levels.

You collected 112 gold pieces.

Inventory:

Hand weapons
 h - a +0 dagger of holy wrath
 n - a +0 blowgun (weapon)
Missiles
 o - 9 poisoned needles (quivered)
Scrolls
 e - a scroll of identify {unknown}
 g - a scroll of enchant armour {unknown}
 j - a scroll of recharging {unknown}
 l - a scroll of amnesia {unknown}
 m - a scroll of teleportation {unknown}
Potions
 b - a potion of degeneration {unknown}
 c - a potion of mutation {unknown}
 f - a potion of heal wounds {unknown}
Books
 d - a book of Changes

   Spells                             Type                      Level
   a - Beastly Appendage              Transmutation                1
   b - Sticks to Snakes               Transmutation                2
   c - Spider Form                    Transmutation/Poison         3
   d - Ice Form                       Ice/Transmutation            4
   e - Blade Hands                    Transmutation                5
Comestibles
 a - 2 bread rations
 i - a royal jelly
 k - a meat ration


   Skills:
 - Level 1.0 Fighting
 + Level 2.6 Dodging
 * Level 5.2 Unarmed Combat
 + Level 3.1 Spellcasting
 - Level 2.0 Transmutations


You had 6 spell levels left.
You knew the following spells:

 Your Spells              Type           Power        Failure   Level  Hunger
a - Beastly Appendage     Trmt           #.....       10%         1    None
b - Spider Form           Trmt/Pois      #.........   38%         3    ###....


Dungeon Overview and Level Annotations

Branches:
Dungeon (4/15)
 Temple: D:4-7

Altars:
Ashenzari
Trog


Innate Abilities, Weirdness & Mutations

You cannot wear most types of armour.
You are amphibious.
You can wear up to eight rings at the same time.
You can use your tentacles to constrict eight enemies at once.
Your skin changes colour to match your surroundings (Stealth).
Your rubbery body absorbs attacks (AC +1).


Message History

a chunk of flesh; an adder skeleton Wield which item (- for none, * to show all)? (? for menu, Esc to quit)
n - a +0 blowgun (weapon)
Firing (i - inventory):
o - 11 poisoned needles (quivered)
Press: ? - help, Shift-Dir - straight line, f - ogre
Aim: an ogre, wielding a giant spiked club You shoot a poisoned needle.
The poisoned needle hits the ogre!
The ogre is poisoned.
An orc wizard comes into view. It is wielding a dagger.
The orc wizard moves out of view.
Found 11 bolts.
Firing (i - inventory):
o - 10 poisoned needles (quivered)
Press: ? - help, Shift-Dir - straight line, f/p - ogre
Aim: an ogre, wielding a giant spiked club (moderately wounded, poisoned)
You shoot a poisoned needle. The poisoned needle hits the ogre!
The ogre looks even sicker.
The ogre is moderately wounded.
The ogre hits you with a giant spiked club!!
Ouch! That really hurt!
You die...

#....<.÷.....#######
.....###)...).#........
....#...÷..........#.#
#...........#..........
...[...#....#..($..#.#o
.....####......##......
......#.....#.###.#.#.
.........#.............
####(..@#....%o.##..##
.........O......##
######.#......%.....#
(..##.......#... ##..
#......$...# ...
#........... ##..
...........
.......#.#.#.#
.###.......


You could see an ogre.

Vanquished Creatures
  A hound (D:3)
  A worker ant (D:4)
  6 adders
  2 worms (D:3)
  3 giant geckos (D:3)
  2 oozes (D:3)
  2 orcs (D:3)
  11 goblins
  5 hobgoblins
  6 kobolds
  3 quokkas
  9 bats
  7 giant cockroaches
  3 giant newts
  10 rats
71 creatures vanquished.

Notes
Turn   | Place    | Note
--------------------------------------------------------------
     0 | D:1      | Hanyuu, the Octopode Transmuter, began the quest for the Orb.
     0 | D:1      | Reached XP level 1. HP: 13/13 MP: 3/3
   100 | D:1      | Reached XP level 2. HP: 18/18 MP: 5/5
   513 | D:2      | Reached XP level 3. HP: 16/23 MP: 6/6
   559 | D:2      | Reached skill level 4 in Unarmed Combat
   741 | D:2      | Learned a level 3 spell: Spider Form
   846 | D:2      | You fall through a shaft!
   982 | D:3      | Reached XP level 4. HP: 25/28 MP: 7/7
   985 | D:3      | Found a shattered altar of Ashenzari.
  1790 | D:3      | Reached XP level 5. HP: 33/33 MP: 9/9
  2455 | D:4      | Reached skill level 5 in Unarmed Combat
  2664 | D:4      | Noticed an ogre
  2680 | D:4      | Slain by an ogre

Action                   |  1- 3 |  4- 6 || total
-------------------------+-------+-------++-------
Melee: Unarmed           |    75 |    92 ||   167
 Fire: Blowgun           |       |     2 ||     2
 Stab: Sleeping          |     5 |     3 ||     8
  Eat: Chunk             |       |     5 ||     5
